 Dungeon Sprint DCSS version 0.16-a0-3706-g5dff784 (webtiles) character file.

6 BluebellGnoll the Protected (level 2, -2/22 HPs)
             Began as a Formicid Gladiator on Jan 19, 2015.
             Was an Initiate of Makhleb.
             Slain by a toenail golem (10 damage)
             ... in the Dungeon (Sprint V: "Ziggurat Sprint").
             The game lasted 00:03:33 (53 turns).

BluebellGnoll the Protected (Formicid Gladiator)      Turns: 53, Time: 00:03:33

Health: -2/22      AC:  4    Str: 25    XL:     2   Next: 0%
Magic:  3/3        EV: 13    Int:  7    God:    Makhleb [......]
Gold:   0          SH:  0    Dex: 17    Spells: 0 memorised, 1 level left

rFire  . . .     SeeInvis +     J - +5 demon trident
rCold  . . .     Clarity  .     b - +0 leather armour
rNeg   . . .     SustAb   .     (no shield)
rPois  .         Gourm    .     (helmet unavailable)
rElec  .         Spirit   .     (no cloak)
rCorr  .         Warding  .     (no gloves)
rMut   .         Stasis   +     (no boots)
MR     .....                    (no amulet)
Stlth  +.........               p - +6 ring of strength
                                l - +6 ring of dexterity

@: not resistant to hostile enchantments, very unstealthy
A: permanent stasis, dig shafts and tunnels, four strong arms, antennae 3
a: Dig, Renounce Religion


You were in the Dungeon.
You worshipped Makhleb.
Makhleb was noncommittal.
You were not hungry.

You visited 1 branch

Inventory:

Hand weapons
 a - a +0 trident
 o - the cursed +13 Scythe of Curses {drain, Curse}
   (You found it in the Dungeon)

   A truly terrible weapon, it drains the life of those it strikes.
   It may recurse itself when equipped.
   It has a curse placed upon it.
 q - the +8 lance "Wyrmbane" {slay drac, +Rage rPois+ rF+ AC+5}
   (You found it in the Dungeon)

   It affects your AC (+5).
   It protects you from fire.
   It protects you from poison.
   It lets you go berserk.
 I - a +5 bardiche
 J - a +5 demon trident (weapon)
Missiles
 d - 3 throwing nets (quivered)
Armour
 b - a +0 leather armour (worn)
 m - the cursed +15 Maxwell's patent armour {-Cast -Tele rElec MR+ rCorr}
   (You found it in the Dungeon)

   It insulates you from electricity.
   It affects your resistance to hostile enchantments.
   It prevents spellcasting.
   It prevents most forms of teleportation.
   It protects you from acid and corrosion.
   It has a curse placed upon it.
 n - the +18 shield of the gong {rElec rN+ MR+ EV-5}
   (You found it in the Dungeon)

   It affects your evasion (-5).
   It insulates you from electricity.
   It protects you from negative energy.
   It affects your resistance to hostile enchantments.
 H - a +5 gold dragon armour
Jewellery
 l - a +6 ring of dexterity (left hand)
 p - a +6 ring of strength (right hand)
Magical devices
 c - a wand of disintegration (7)
 h - a wand of fire (5)
 j - a wand of cold (5)
 k - a wand of draining (5)
Scrolls
 t - 4 scrolls of amnesia
 u - 3 scrolls of recharging
 v - 7 scrolls of fog
 w - a scroll of holy word
 x - 5 scrolls of identify
 y - 5 scrolls of remove curse
 z - 2 scrolls of fear
Potions
 e - 10 potions of curing
 g - 10 potions of heal wounds
 i - 7 potions of magic
 A - 2 potions of brilliance
 B - 2 potions of invisibility
 C - 2 potions of restore abilities
 D - 4 potions of resistance
 F - 5 potions of agility
 G - 5 potions of might
Comestibles
 f - 5 bread rations
 r - 42 fruits
 s - 4 meat rations


   Skills:
 - Level 2.1 Fighting
 + Level 3.0 Polearms
 - Level 1.5 Throwing
 - Level 8.0 Armour
 - Level 2.6 Dodging


You had one spell level left.
You didn't know any spells.

Dungeon Overview and Level Annotations

Branches:
Dungeon (1/1)

Altars:
Ashenzari
Cheibriados
Dithmenos
Elyvilon
Fedhas
Gozag
Kikubaaqudgha
Makhleb
Nemelex Xobeh
Okawaru
Qazlal
Ru
Sif Muna
Trog
Vehumet
Xom
Yredelemnul
Zin
The Shining One
Beogh
Jiyva
Lugonu


Innate Abilities, Weirdness & Mutations

You are under a permanent stasis effect.
You can dig through walls and to a lower floor.
Your four strong arms can wield two-handed weapons with a shield.
You have a pair of large antennae on your head (SInv).


Message History

Attack whom?
Press: ? - help, Dir - move target cursor, f - toenail golem
Aim: a toenail golem You reach to attack!
You puncture the toenail golem!
The toenail golem is moderately damaged.
You hit the toenail golem.
The toenail golem is moderately damaged.
The toenail golem closely misses you. The toenail golem barely misses you.
The toenail golem misses you. The toenail golem hits you.
Your leather armour prevents you from hitting the toenail golem.
The toenail golem is moderately damaged.
The toenail golem hits you. The toenail golem hits you!
You barely miss the toenail golem.
The toenail golem is moderately damaged.
The toenail golem hits you but does no damage.
The toenail golem hits you.
You puncture the toenail golem!
The toenail golem is heavily damaged.
The toenail golem hits you!
You die...

▓▓▓▓▓▓▓
▓.8©8.▓
▓.....▓
▓.}.).▓
▓.....▓
▓.88..▓
▓..@..▓
▓▓▓▓▓▓▓
{{{ {


You could see 2 toenail golems.

Vanquished Creatures (others)
  2 spatial maelstroms (D)
2 creatures vanquished.

Notes
Turn   | Place    | Note
--------------------------------------------------------------
     0 | D        | BluebellGnoll, the Formicid Gladiator, began the quest for the Orb.
     0 | D        | Reached XP level 1. HP: 16/16 MP: 1/1
     0 | D        | Found a viscous altar of Jiyva.
     0 | D        | Found a corrupted altar of Lugonu.
     0 | D        | Found a white marble altar of Elyvilon.
     2 | D        | Found a sparkling altar of Nemelex Xobeh.
     2 | D        | Found a burning altar of Makhleb.
     2 | D        | Found a deep blue altar of Sif Muna.
     3 | D        | Found a bloodstained altar of Trog.
     6 | D        | Found an iron altar of Okawaru.
    15 | D        | Banished a spatial maelstrom
    17 | D        | Found a radiant altar of Vehumet.
    17 | D        | Banished a spatial maelstrom
    23 | D        | Became a worshipper of Makhleb the Destroyer
    25 | D        | Found a basalt altar of Yredelemnul.
    26 | D        | Found a shimmering altar of Xom.
    47 | D        | Reached skill level 8 in Armour
    47 | D        | Reached XP level 2. HP: 22/22 MP: 3/3
    48 | D        | Entered arena 1.
    48 | D        | Noticed a toenail golem
    48 | D        | Noticed a toenail golem
    53 | D        | Slain by a toenail golem

Action                   || total
-------------------------++-------
Melee: Demon trident     ||     5
  Use: Potion            ||     1
